 Dungeon Crawl Stone Soup version 0.32-a0-5-gbffa963729 (webtiles) character file.

Game seed: 4343496815513918829

62 Inarius the Ducker (level 4, -5/32 HPs)
             Began as an Octopode Fighter on Jan 13, 2024.
             Slain by a goblin
             ... wielding a +0 club
             ... led by Robin
              (6 damage)
             ... on level 2 of the Dungeon.
             The game lasted 00:01:00 (1012 turns).

Inarius the Ducker (Octopode Fighter)               Turns: 1012, Time: 00:01:01

Health: -5/32      AC:  1    Str: 17    XL:     4   Next: 8%
Magic:  4/4        EV: 13    Int: 10    God:
Gold:   75         SH:  4    Dex: 11    Spells: 3/3 levels left

rFire   . . .        e - +2 whip (freeze)
rCold   . . .        b - +0 buckler
rNeg    . . .        (helmet restricted)
rPois   .            (no amulet)
rElec   .            (no ring)
rCorr   .            (no ring)
SInv    .            (no ring)
Will    .....        (no ring)
Stlth   +++          (no ring)
HPRegen 0.25/turn    (no ring)
MPRegen 0.09/turn    (no ring)
                     (no ring)

%: no passive effects
@: no status effects
A: almost no armour, amphibious, 8 rings, camouflage 1, gelatinous body 1,
(nimble swimmer 1), tentacles
a: no special abilities


You were on level 2 of the Dungeon.
You visited 1 branch of the dungeon, and saw 2 of its levels.

You collected 75 gold pieces.

Inventory:

Hand Weapons
 a - a +0 war axe
 e - a +2 whip of freezing (weapon)
Armour
 b - a +0 buckler (worn)
Scrolls
 d - 4 scrolls of teleportation {unknown}
 f - a scroll of immolation {unknown}
 h - 4 scrolls of identify {unknown}
 i - 2 scrolls of noise {unknown}
 k - 3 scrolls of enchant weapon {unknown}
 l - a scroll of revelation {unknown}
 m - a scroll of fear {unknown}
Potions
 c - a potion of might
 g - 2 potions of haste {unknown}
 j - a potion of curing {unknown}
 n - a potion of enlightenment {unknown}


   Skills:
 + Level 3.6 Fighting
 * Level 2.4 Axes
 + Level 3.6 Dodging
 + Level 1.5 Stealth
 + Level 3.2 Shields


You had 3 spell levels left.
You didn't know any spells.
Your spell library contained the following spells:

 Spells                   Type           Power      Damage    Failure   Level
 Dazzling Flash           Conj/Hex       0%         N/A       82%         3
 Mephitic Cloud           Conj/Alch/Air  0%         N/A       82%         3
 Curse of Agony           Necr           0%         N/A       100%        5
 Silence                  Hex/Air        0%         N/A       100%        5


Dungeon Overview and Level Annotations

Branches:
Dungeon (2/15)

Altars:

Shops:
D:2 (


Innate Abilities, Weirdness & Mutations

You cannot wear most types of armour.
You are amphibious.
You can wear up to eight rings at the same time.
Your skin changes colour to match your surroundings (Stealth+).
Your rubbery body absorbs attacks. (AC +1, EV +1)
((You are camouflaged when in or above water. (Stealth+)))
You have tentacles for arms and can constrict up to eight enemies at once.


Message History

A goblin comes into view. It is wielding a +0 dagger.
A goblin comes into view.
It is wielding a +5 dagger of protection.
The goblin closely misses you.
You see here a +0 club.
The goblin shouts!
You hit Robin. You freeze Robin. Your grab misses Robin. You squeeze Robin.
Robin is heavily wounded.
You hear a shout!
Robin roars a battlecry!
The goblins go into a battle-frenzy!
A hobgoblin comes into view.
The goblin barely misses you.
You closely miss Robin. You grab Robin.
Robin is heavily wounded.
You constrict Robin. Robin throws the goblin at you!
A hobgoblin comes into view.
The goblin barely misses you. The goblin completely misses you.
Robin hits you with a +0 dagger. The goblin closely misses you.
The goblin hits you with a +0 club. x2
Unknown command.
You hit Robin. You freeze Robin.
Robin is severely wounded.
You constrict Robin. You block the goblin's attack.
The goblin hits you with a +0 club. The goblin closely misses you.
You closely miss the goblin. Your grab misses the goblin. You constrict Robin.
You kill Robin!
The goblin hits you with a +0 club. You block the goblin's attack.
The goblin hits you with a +0 club.
* * * LOW HITPOINT WARNING * * *
You have reached level 4!
You whack the goblin! You freeze the goblin.
You kill the goblin!
The goblin completely misses you. The goblin hits you with a +0 club.
* * * LOW HITPOINT WARNING * * *
A hobgoblin comes into view.
The goblin completely misses you.
Unknown command.
You block the goblin's attack. The goblin attacks as it pursues you!
The goblin hits you with a +0 club.
You die...

#.. #.. #.. #.. #.. .
### . ##+## #####.# # .#
##...###gg..# # .##
##.....##@#g## ..##
##..[.<....##g#
...####.........8###gg
.....)'.............gg.
...####...†.....∩..g...#
..## ##.......#.###...#
.##### ##.....##<# ..#
.....# ##....##.# .
.###.# ##+#.# 8#


You could see 2 goblins.

Vanquished Creatures
  Robin (D:2)
  An adder (D:2)
  A dart slug (D:1)
  2 ball pythons
  3 endoplasms
  2 giant cockroaches (D:1)
  2 goblins (D:2)
  6 hobgoblins
  3 quokkas (D:1)
  5 bats
  2 frilled lizards (D:2)
  6 kobolds (D:1)
  5 rats
39 creatures vanquished.

Notes
Turn   | Place    | Note
-------+----------+-------------------------------------------
     0 | D:1      | Inarius the Octopode Fighter began the quest for the Orb.
     0 | D:1      | Reached XP level 1. HP: 16/16 MP: 1/1
    52 | D:1      | Reached XP level 2. HP: 9/21 MP: 2/2
   337 | D:1      | Reached XP level 3. HP: 26/26 MP: 3/3
   831 | D:2      | Reached skill level 1 in Stealth
   995 | D:2      | Found Zilohiw's Antique Weapon Shop.
  1006 | D:2      | Noticed Robin
  1010 | D:2      | Killed Robin
  1011 | D:2      | Reached XP level 4. HP: 5/32 MP: 4/4
  1011 | D:2      | HP: 1/32 [goblin/+0 club[Robin] (4)]
  1012 | D:2      | Slain by a goblin

Illustrated notes

Levels and vault maps discovered:
D:1:      ldierk_walled_garden, layout_rooms, st_stairs_14
D:2:      layout_loops_corners, serial_shops, shop_statue, basic_altar,
          dk_noncrumbling_4, uniq_robin

Skill      XL: |  1  2  3 |
---------------+----------+-----
Stealth        | 1 |  1.5
Fighting       | |  3.6
Axes           | |  2.4
Dodging        | |  3.6
Shields        | |  3.2

Action                     |  1- 3 |  4- 6 || total
---------------------------+-------+-------++-------
  Melee: War axe           |    13 |       ||    13
         Constrict         |    12 |       ||    12
         Tentacles         |     7 |       ||     7
         Whip              |    48 |     1 ||    49
         Punch             |     1 |       ||     1
   Stab: Sleeping          |     9 |       ||     9
 Armour: Skin              |    27 |     2 ||    29
  Dodge: Dodged            |    29 |     2 ||    31
  Block: Buckler           |    16 |     1 ||    17

Table legend: (Time is in decaauts)
 A = Elapsed time spent in this place.
 B = Non-inter-level travel time spent in this place.
 C = Inter-level travel time spent in this place.
 D = Time resting spent in this place.
 E = Time spent auto-exploring this place.
 F = Levels seen in this place.
 G = Mean time per level.
                   A        B        C        D        E       F      G
               +--------+--------+--------+--------+--------+-----+--------+
         Total |   1020 |    998 |     22 |      0 |    780 |   2 |  510.0 |
       Dungeon |   1020 |    998 |     22 |      0 |    780 |   2 |  510.0 |
               +--------+--------+--------+--------+--------+-----+--------+

Top non-repeatable levels by time:
     D:1: 595 daAuts
     D:2: 424 daAuts
